 Dungeon Crawl Stone Soup version 0.29.1-2-gbd0b4ee654 (webtiles) character file.

Game seed: 10584176523197568873

105 qeuew the Ruffian (level 4, -2/36 HPs)
             Began as a Draconian Transmuter on Nov 4, 2022.
             Slain by a kobold
             ... wielding a +0 short sword
              (4 damage)
             ... on level 3 of the Dungeon.
             The game lasted 00:07:06 (2173 turns).

qeuew the Ruffian (Draconian Transmuter)            Turns: 2173, Time: 00:07:06

Health: -2/36      AC:  9    Str: 14    XL:     4   Next: 54%
Magic:  5/7        EV: 12    Int: 14    God:
Gold:   1166       SH:  0    Dex: 11    Spells: 4/7 levels left

rFire   . . .      SeeInvis .     - Unarmed
rCold   . . .      Faith    .   (no shield)
rNeg    . . .      Spirit   .   (body armour unavailable)
rPois   .          Reflect  .   (helmet currently unavailable)
rElec   .          Harm     .   (no cloak)
rCorr   .          Rampage  .   (no gloves)
Will    .....                   (boots currently unavailable)
Stlth   +.........              (no amulet)
HPRegen 0.12/turn               i - +4 ring of protection
MPRegen 0.10/turn               (no ring)

@: appendages (expiring), wereblooded
A: horns 2, talons 2, AC +5, unfitting armour, cold-blooded
a: End Transformation


You were on level 3 of the Dungeon.
You had temporarily grown beastly horns and talons.
You visited 1 branch of the dungeon, and saw 4 of its levels.

You collected 1166 gold pieces.

Inventory:

Jewellery
 i - a +4 ring of protection (left hand)
Scrolls
 b - a scroll of enchant armour
 f - a scroll of teleportation
Potions
 c - a potion of attraction
 d - a potion of ambrosia
 e - 2 potions of curing
 k - a potion of magic


   Skills:
 * Level 2.1 Fighting
 + Level 2.2 Dodging
 + Level 4.2 Unarmed Combat
 + Level 2.3 Spellcasting
 * Level 2.4 Transmutations


You had 4 spell levels left.
You knew the following spells:

 Your Spells              Type           Power      Damage    Failure   Level
a - Beastly Appendage     Tmut           16%        N/A       9%          1
b - Wereblood             Tmut           8%         N/A       13%         2

Your spell library contained the following spells:

 Spells                   Type           Power      Damage    Failure   Level
 Spider Form              Tmut/Pois      5%         N/A       38%         3
 Ice Form                 Ice/Tmut       5%         N/A       80%         4


Dungeon Overview and Level Annotations

Branches:
Dungeon (4/15)
 Temple: D:4-7

Altars:

Shops:
D:3 :   D:4 =

Annotations:
D:3 Robin, Terence


Innate Abilities, Weirdness & Mutations

You have temporarily grown beastly horns and talons.
Your plain brown scales are hard. (AC +5)
You cannot fit into any form of body armour.
You are cold-blooded and may be slowed by cold attacks.


Message History

You punch the jackal!
You feel a bit better.
You kill the jackal!
You howl as the wereblood boils in your veins!
You hear a shout!
The goblin hits you with a +0 dagger.
A goblin comes into view. It is wielding a +0 dagger.
The goblin hits you with a +0 dagger. The goblin hits you but does no damage.
The kobold closely misses you.
You closely miss the jackal. Your headbutt misses the jackal.
Your tail-slap misses the jackal.
The jackal bites you but does no damage.
The goblin hits you but does no damage.
Robin roars a battlecry!
The goblin goes into a battle-frenzy!
The goblin hits you with a +0 club. The goblin barely misses you.
The jackal barely misses you. The kobold barely misses you.
You closely miss the jackal. The goblin hits you but does no damage.
The jackal misses you. The goblin closely misses you.
The goblin hits you with a +0 club. The goblin closely misses you.
You hit the jackal. Your kick misses the jackal.
Your headbutt misses the jackal.
Your tail-slap misses the jackal.
The jackal is almost dead.
The kobold misses you.
The jackal bites you but does no damage.
The goblin barely misses you. The goblin closely misses you.
The goblin hits you with a +0 club. The goblin hits you with a +0 dagger.
You hit the jackal.
You feel a bit better.
You kill the jackal!
The kobold hits you with a +0 short sword.
The goblin hits you with a +0 dagger.
* * * LOW HITPOINT WARNING * * *
You hit the scorpion. Your kick misses the scorpion.
The scorpion is lightly wounded.
You howl as the wereblood boils in your veins!
The goblin hits you but does no damage. The goblin hits you with a +0 dagger.
* * * LOW HITPOINT WARNING * * *
The goblin hits you with a +0 club.
* * * LOW HITPOINT WARNING * * *
The kobold hits you with a +0 short sword.
You die...

#.....# #.. ######
#.....# #..
###..###.....# #..
#####..###.....#####..
.......##.............
#####...∩....##<########
......##.....#### #..
#...B##g.#### #.#
#..@gs@gh### #.#
#...gggK...# #.#
#..wgggg...# #.#
.....g......# ###
............# #
...######.### ###### >..
P. ##...## .. ~~~
#<.8).. ##...##


You could see Terence, a worm, a scorpion, Robin, a jackal, a giant cockroach,
10 goblins and a kobold.

Vanquished Creatures
  An orc wizard (D:3)
  4 adders
  4 orcs (D:3)
  3 bats
  An endoplasm (D:1)
  2 giant cockroaches
  4 goblins
  3 hobgoblins
  2 jackals (D:3)
  2 quokkas
  2 ball pythons (D:2)
  A frilled lizard (D:1)
  6 kobolds
  5 rats
40 creatures vanquished.

Vanquished Creatures (others)
  7 plants
7 creatures vanquished.

Grand Total: 47 creatures vanquished

Notes
Turn   | Place    | Note
-------+----------+-------------------------------------------
     0 | D:1      | qeuew the Draconian Transmuter began the quest for the Orb.
     0 | D:1      | Reached XP level 1. HP: 16/16 MP: 3/3
   506 | D:1      | Found a faded altar of an unknown god.
   584 | D:1      | Reached XP level 2. HP: 18/23 MP: 5/5
   775 | D:1      | Learned a level 2 spell: Wereblood
  1232 | D:2      | Reached XP level 3. HP: 26/28 MP: 6/6
  1593 | D:2      | You fall into a shaft and drop 2 floors!
  1605 | D:4      | Found Fiasch's Jewellery Shoppe.
  1948 | D:2      | Identified a scroll of acquirement
  1948 | D:2      | Acquired 1043 gold pieces
  2044 | D:3      | Reached skill level 4 in Unarmed Combat
  2101 | D:3      | Reached XP level 4. HP: 36/36 MP: 3/7
  2149 | D:3      | Found Ciquiqocs's Book Emporium.
  2160 | D:3      | Noticed Robin
  2161 | D:3      | Noticed Terence
  2163 | D:3      | Noticed a scorpion
  2173 | D:3      | Slain by a kobold

Illustrated notes

Levels and vault maps discovered:
D:1:      lightli_arrival_statue_moat, layout_basic,
          dreamdust_ecumenical_altar_grove, minmay_pentomino_t2
D:2:      layout_basic, corexii_shack
D:3:      layout_basic, okawaru_ov_weapons_minmay, serial_shops,
          nicolae_square_shop, serial_bayou_pond_c,
          minmay_misc_feat_four_crosses, grunt_ministairs_5,
          hangedman_decor_peaks_small, uniq_robin, uniq_terence
D:4:      layout_cave_pods, nicolae_uskayaw_dance_hall, serial_shops, shop,
          nicolae_shop_trees, shop, shop, minmay_divided_ellipse

Skill      XL: |  1  2  3  4 |
---------------+-------------+-----
Dodging        | 2 |  2.2
Unarmed Combat | 4 |  4.2
Fighting       | 2 |  2.1
Spellcasting   | |  2.3
Transmutations | |  2.4

Action                   |  1- 3 |  4- 6 || total
-------------------------+-------+-------++-------
Melee: Unarmed           |   124 |    33 ||   157
       Kick              |     3 |     2 ||     5
       Tailslap          |     7 |     3 ||    10
       Punch             |     1 |       ||     1
 Cast: Beastly Appendage |     3 |     1 ||     4
       Wereblood         |     3 |     1 ||     4
  Use: Scroll            |     7 |       ||     7
       Potion            |     5 |       ||     5
 Stab: Sleeping          |     1 |       ||     1
Armor: Skin              |    34 |    26 ||    60
Dodge: Dodged            |    75 |    29 ||   104
